 Dungeon Crawl Stone Soup version 0.28.0-47-ge53b351184 (webtiles) character file.

Game seed: 9795466793800252559

146 NinjaNoafa the Conjurer (level 5, -5/42 HPs)
             Began as a Draconian Conjurer on Apr 28, 2022.
             Slain by Duvessa
             ... wielding a +2 rapier of freezing
              (10 damage)
             ... on level 4 of the Dungeon.
             The game lasted 00:06:11 (3765 turns).

NinjaNoafa the Conjurer (Draconian Conjurer)        Turns: 3765, Time: 00:06:11

Health: -5/42      AC: 11    Str: 16    XL:     5   Next: 7%
Magic:  4/8        EV: 12    Int: 20    God:
Gold:   121        SH:  0    Dex:  9    Spells: 5/8 levels left

rFire   . . .      SeeInvis .   p - +0 hand axe
rCold   . . .      Faith    .   (no shield)
rNeg    . . .      Spirit   .   (armour unavailable)
rPois   .          Reflect  .   (helmet restricted)
rElec   .          Harm     .   (no cloak)
rCorr   .          Rampage  .   f - +1 pair of gloves
Will    .....                   (no boots)
Stlth   ++........              (no amulet)
HPRegen 0.14/turn               h - +6 ring of strength
MPRegen 0.11/turn               n - +4 ring of protection

@: lethally poisoned (-5 -> -14)
A: AC +5, unfitting armour, cold-blooded
a: no special abilities


You were on level 4 of the Dungeon.
You visited 1 branch of the dungeon, and saw 4 of its levels.

You collected 121 gold pieces.

Inventory:

Hand Weapons
 p - a +0 hand axe (weapon)
Missiles
 b - 57 stones
 d - 4 boomerangs (quivered)
 i - 2 curare-tipped darts
 j - 11 poisoned darts
Armour
 f - a +1 pair of gloves (worn)
Jewellery
 h - a +6 ring of strength (left hand)
 k - a ring of flight
 n - a +4 ring of protection (right hand)
Scrolls
 a - 2 scrolls of torment
 l - a scroll of noise


   Skills:
 + Level 2.7 Fighting
 + Level 3.3 Dodging
 - Level 2.2 Stealth
 - Level 2.3 Spellcasting
 - Level 4.2 Conjurations


You had 5 spell levels left.
You knew the following spells:

 Your Spells              Type           Power      Damage    Failure   Level
a - Magic Dart            Conj           76%        1d6       2%          1
b - Searing Ray           Conj           38%        2d5       4%          2

Your spell library contained the following spells:

 Spells                   Type           Power      Damage    Failure   Level
 Apportation              Tloc           4%         N/A       16%         1
 Dazzling Flash           Conj/Hex       20%        N/A       19%         3
 Fulminant Prism          Conj/Hex       5%         3d7       54%         4
 Iskenderun's Mystic Bla  Conj/Tloc      10%        2d4       54%         4
 Alistair's Intoxication  Tmut/Pois      1%         N/A       99%         5


Dungeon Overview and Level Annotations

Branches:
Dungeon (4/15)
 Temple: D:4-7

Altars:

Shops:
D:2 *

Annotations:
D:4 Dowan, Duvessa


Innate Abilities, Weirdness & Mutations

Your plain brown scales are hard. (AC +5)
You cannot fit into any form of body armour.
You are cold-blooded and may be slowed by cold attacks.


Message History

The goblin is heavily wounded.
The goblin hits you but does no damage.
You hit the goblin.
You kill the goblin!
Things that are here:
a +0 club; a +0 plate armour You start resting.
Duvessa is nearby!
Duvessa says, "When magic and the sword combine, nothing stands against them."
You hit Dowan but do no damage.
Dowan is heavily wounded.
Dowan closely misses you.
Duvessa says, "My weaknesses are his strengths!"
You hit Dowan but do no damage.
Dowan is heavily wounded.
Dowan hits you with a +2 dagger of venom.
* * * LOW HITPOINT WARNING * * *
You are poisoned.
Dowan gestures at Duvessa while chanting.
Duvessa seems to speed up.
Casting: Searing Ray (safe; 4% risk of failure)
Confirm with . or Enter, or press ? or * to list all spells.
Aiming: Searing Ray (safe; 4% risk of failure)
Press: ? - help, Shift-Dir - straight line, f - Dowan
Aim: Dowan, wielding a +2 dagger of venom and wearing a +0 robe (heavily wounded, 69% to hit)
The searing ray misses Dowan. (Press . to maintain the ray.)
You feel sick. Dowan barely misses you.
The searing ray hits Dowan!
Dowan is almost dead.
You feel sick.
An endoplasm comes into view.
Duvessa barely misses you. Dowan hits you but does no damage.
You are lethally poisoned!
The searing ray hits Dowan.
Dowan is almost dead.
* * * LOW HITPOINT WARNING * * *
You feel sick.
Duvessa hits you with a +2 rapier of freezing!
You die...

#..#.## #.#
#.###.#########.#
..# ##.......##.#
##. #.######.##)#
#. #$# #.##.#
##.#.# #.##.#
.....# #.##.#
e..#.########.##e#
.#.e..........Je@#
###.###.####.####
.# # #.# ## .?.
#..# #..# #..# ..#


You could see Duvessa (fast), Dowan and an endoplasm.

Vanquished Creatures
  Jessica (D:3)
  Natasha (twice) (D:3)
  An adder (D:2)
  A worm (D:2)
  A dart slug (D:3)
  4 endoplasms
  4 giant cockroaches
  4 goblins
  8 hobgoblins
  4 jackals (D:1)
  2 quokkas
  A ball python (D:2)
  4 bats
  7 frilled lizards
  5 kobolds
  7 rats
56 creatures vanquished.

Notes
Turn   | Place    | Note
-------+----------+-------------------------------------------
     0 | D:1      | NinjaNoafa the Draconian Conjurer began the quest for the
                  | Orb.
     0 | D:1      | Reached XP level 1. HP: 14/14 MP: 3/3
   387 | D:1      | Found a faded altar of an unknown god.
   421 | D:1      | Reached XP level 2. HP: 14/20 MP: 0/5
  1320 | D:2      | Reached XP level 3. HP: 15/26 MP: 1/6
  1532 | D:2      | Learned a level 2 spell: Searing Ray
  1882 | D:2      | Reached skill level 1 in Fighting
  1928 | D:2      | Found Pybafaeg's Assorted Antiques.
  2925 | D:3      | Noticed Natasha
  2928 | D:3      | Killed Natasha
  2929 | D:3      | Reached XP level 4. HP: 36/36 MP: 3/7
  3031 | D:3      | Noticed Jessica
  3033 | D:3      | Killed Jessica
  3108 | D:3      | Noticed Natasha
  3119 | D:3      | Killed Natasha
  3120 | D:3      | Reached XP level 5. HP: 39/42 MP: 1/8
  3596 | D:4      | Noticed Duvessa
  3596 | D:4      | Noticed Dowan
  3765 | D:4      | Slain by Duvessa

Illustrated notes

Levels and vault maps discovered:
D:1:      onia_arrival_pyramid, layout_basic,
          hellmonk_ecumenical_altar_dog_temple
D:2:      layout_basic, serial_shops, shop, minmay_misc_feat_rows
D:3:      layout_loops_corners, uniq_natasha, uniq_jessica
D:4:      layout_loops_ring, minmay_shop_damaged, uniq_duvessa

Skill      XL: |  1  2  3  4 |
---------------+-------------+-----
Stealth        | 2 |  2.2
Dodging        | 2 3 |  3.3
Fighting       | 2 |  2.7
Spellcasting   | |  2.3
Conjurations   | |  4.2

Action                   |  1- 3 |  4- 6 || total
-------------------------+-------+-------++-------
Melee: Short sword       |    37 |       ||    37
       Tailslap          |     8 |     5 ||    13
       Spear             |    21 |       ||    21
       Hand axe          |     3 |    14 ||    17
Throw: Boomerang         |    21 |       ||    21
 Cast: Magic Dart        |    69 |     6 ||    75
       Searing Ray       |     1 |     6 ||     7
  Use: Scroll            |       |     6 ||     6
       Potion            |       |     4 ||     4
 Stab: Sleeping          |     1 |       ||     1
Armor: Skin              |    31 |     8 ||    39
Dodge: Dodged            |    45 |    10 ||    55
